 Dungeon Crawl Stone Soup version 0.27-a0-1139-g28e009f8a6 (webtiles) character file.

Game seed: 196142038656126166

55918 leviel the Severer (level 14, -1/146 HPs)
             Began as a Minotaur Fighter on May 7, 2021.
             Was the Champion of Fedhas.
             Slain by an 11-headed hydra (3 damage)
             ... while petrified by a basilisk
             ... on level 1 of the Lair of Beasts.
             The game lasted 00:54:54 (17834 turns).

leviel the Severer (Minotaur Fighter)              Turns: 17834, Time: 00:54:59

Health: -1/146     AC: 19    Str: 23    XL:     14   Next: 40%
Magic:  16/16      EV:  2    Int:  5    God:    Fedhas [******]
Gold:   1088       SH:  0    Dex: 11    Spells: 13/13 levels left

rFire    + + .     SeeInvis .   a - +3 war axe (protect)
rCold    x . .     Faith    .   S - +1 kite shield {AC+3}
rNeg     + + +     Spirit   .   c - +0 fire dragon scales
rPois    ∞         Reflect  .   k - +2 hat
rElec    .         Harm     .   n - +0 cloak
rCorr    .         Rampage  .   (no gloves)
Will     +....                  (no boots)
Stlth    ..........             v - amulet of regeneration
HPRegen  1.34/turn              u - ring of flight
MPRegen  0.15/turn              y - +4 ring of slaying

@: petrified, flying
A: horns 2, retaliatory headbutt, robust 1, weak 1, wild magic 1
a: Renounce Religion, Wall of Briars, Grow Ballistomycete, Overgrow, Grow Oklob


You were on level 1 of the Lair of Beasts.
You worshipped Fedhas.
Fedhas was exalted by your worship.
You visited 4 branches of the dungeon, and saw 19 of its levels.
You also visited: Ossuary, Gauntlet and Volcano.

You collected 1550 gold pieces.
You spent 462 gold pieces at shops.

Inventory:

Hand Weapons
 a - a +3 war axe of protection (weapon)
 p - a +4 war axe of venom
 H - a +5 battleaxe
 T - a +1 glaive of flaming
Missiles
 m - 2 throwing nets (quivered)
 I - 6 curare-tipped darts
Armour
 b - a +1 plate armour of fire resistance
 c - +0 fire dragon scales (worn)
 i - a +1 plate armour of willpower
 k - a +2 hat (worn)
 n - a +0 cloak (worn)
 S - a +1 kite shield of protection (worn)
Jewellery
 e - an amulet of faith
 u - a ring of flight (left hand)
 v - an amulet of regeneration (around neck)
 y - a +4 ring of slaying (right hand)
 z - a +6 ring of dexterity
 E - a +6 ring of dexterity
 Q - a ring of protection from cold
 R - a ring of ice
Wands
 o - a wand of mindburst (33)
 t - a wand of flame (25)
 x - a wand of polymorph (18)
 D - a wand of acid (11)
Scrolls
 g - 2 scrolls of blinking
 h - a scroll of magic mapping
 j - 11 scrolls of identify
 l - 3 scrolls of fear
 A - 4 scrolls of teleportation
 F - 3 scrolls of enchant weapon
 K - 2 scrolls of silence
 L - 3 scrolls of vulnerability {unknown}
 O - 2 scrolls of amnesia
 P - 3 scrolls of holy word
Potions
 d - 3 potions of might
 f - 2 potions of curing
 q - 2 potions of ambrosia
 r - a potion of resistance {unknown}
 s - 2 potions of brilliance {unknown}
 w - 3 potions of flight {unknown}
 B - 2 potions of degeneration {unknown}
 C - a potion of cancellation {unknown}
 G - 4 potions of mutation
 J - 5 potions of haste
 M - 2 potions of berserk rage {unknown}
 N - a potion of lignification {unknown}


   Skills:
 + Level 14.8 Fighting
 - Level 16.0 Axes
 - Level 1.1 Throwing
 + Level 13.9 Armour
 - Level 1.5 Dodging
 - Level 0.7 Stealth
 + Level 14.1 Shields
 + Level 4.7 Invocations


You had 13 spell levels left.
You didn't know any spells.
Your spell library contained the following spells:

 Spells                   Type           Power      Damage    Failure   Level
 Corona                   Hex            0%         N/A       86%         1
 Magic Dart               Conj           0%         1d3       86%         1
 Shock                    Conj/Air       0%         1d3       86%         1
 Sting                    Tmut/Pois      0%         1d3       86%         1
 Ensorcelled Hibernation  Hex/Ice        0%         N/A       94%         2
 Poisonous Vapours        Pois/Air       0%         N/A       94%         2
 Searing Ray              Conj           0%         3d3       94%         2
 Static Discharge         Conj/Air       0%         N/A       94%         2
 Confusing Touch          Hex            0%         N/A       99%         3
 Dazzling Flash           Conj/Hex       0%         N/A       99%         3
 Ignite Poison            Fire/Tmut/Pois 0%         N/A       99%         3
 Mephitic Cloud           Conj/Pois/Air  0%         N/A       99%         3
 Swiftness                Air            0%         N/A       99%         3
 Tukima's Dance           Hex            0%         N/A       99%         3
 Airstrike                Air            0%         N/A       100%        4
 Fulminant Prism          Conj/Hex       0%         3d6       100%        4
 Iskenderun's Mystic Bla  Conj/Tloc      0%         2d3       100%        4
 Olgreb's Toxic Radiance  Pois           0%         N/A       100%        4
 Lightning Bolt           Conj/Air       0%         1d11      100%        5


Dungeon Overview and Level Annotations

Branches:
Dungeon (15/15)            Temple (1/1) D:7            Lair (1/6) D:11
    Orc (2/2) D:9             Elf (0/3) Orc:2        Vaults (0/5) D:13
Ossuary (visited)         Volcano (visited)         Gauntlet (visited)
 Depths: D:15

Altars:
Ashenzari
Cheibriados
Dithmenos
Elyvilon
Fedhas
Gozag
Hepliaklqana
Kikubaaqudgha
Makhleb
Nemelex Xobeh
Okawaru
Qazlal
Ru
Sif Muna
Trog
Uskayaw
Vehumet
Wu Jian
Xom
Yredelemnul
Zin
The Shining One

Shops:
D:14 *:   Orc:2 (*?:

Portals:
Abyss: D:8


Innate Abilities, Weirdness & Mutations

You have a pair of horns on your head.
You reflexively headbutt those who attack you in melee.
You are robust. (+10% HP)
You are weak. (Str -2)
Your spells are a little harder to cast, but a little more powerful.


Message History

* * * LOW HITPOINT WARNING * * *
The 11-headed hydra bites you!
* * * LOW HITPOINT WARNING * * *
The 11-headed hydra bites you!
* * * LOW HITPOINT WARNING * * *
The 11-headed hydra bites you but does no damage.
The 11-headed hydra bites you!
* * * LOW HITPOINT WARNING * * *
The 11-headed hydra bites you but does no damage. x2
The fire bat bites you but does no damage.
The fire bat bites you but does no damage. x2
The basilisk bites you.
* * * LOW HITPOINT WARNING * * *
The cane toad stings you but does no damage.
The 11-headed hydra barely misses you. The 11-headed hydra bites you.
* * * LOW HITPOINT WARNING * * *
The 11-headed hydra bites you but does no damage.
The 11-headed hydra completely misses you.
The 11-headed hydra bites you!
* * * LOW HITPOINT WARNING * * *
The 11-headed hydra completely misses you.
The 11-headed hydra bites you but does no damage.
The 11-headed hydra barely misses you. The 11-headed hydra bites you.
* * * LOW HITPOINT WARNING * * *
The 11-headed hydra bites you but does no damage. x2
The fire bat bites you but does no damage. x2
The cane toad stings you.
* * * LOW HITPOINT WARNING * * *
The basilisk gazes at you.
You easily resist.
The 11-headed hydra bites you. The 11-headed hydra bites you!
* * * LOW HITPOINT WARNING * * *
The 11-headed hydra bites you. x2
The 11-headed hydra bites you but does no damage. x2
The 11-headed hydra bites you!
* * * LOW HITPOINT WARNING * * *
The 11-headed hydra bites you but does no damage.
The 11-headed hydra bites you.
You die...
Fedhas appreciates your contribution to the ecosystem.

### ###.### ******** ###...#.###
*# ,,,,,,,*****
#.b.......#######. ,,,,,,,,,,,**
##Fb........##..... ,,,,,,,,,,,,*
#.@lb..............
,,,,,,>,,,,,**##D.........##.....
,,,,,,,,*,**,* #........###..#.#.
*,,,,,,,,,,****##.#..#.###......#
,,,,,,,,,,,**,,*###.####.........
**,,,,,,,,,..,,,,,#####..?.......
**,,,,,,,,,...,***#$##...........
,*,,,,,,,,,#...####..##.........#
***,*,,,,,,....#....:............


You could see a 11-headed hydra, a cane toad, a basilisk and 3 fire bats.

Vanquished Creatures
  Nessos (D:14)
  A fire dragon (Volcano)
  2 hydras (D:14)
  A vault guard (D:13)
  5 boulder beetles
  8 centaur warriors
  A catoblepas (D:14)
  2 two-headed ogres
  2 tengu warriors (D:14)
  A hell hog (Volcano)
  4 orc high priests
  Nergalle (D:9)
  The ghost of Zeld the Skirmisher, a novice OpFi of Okawaru (D:8)
  A swamp dragon (shapeshifter) (D:14)
  A wizard (D:14)
  11 ugly things
  4 orc knights
  4 orc sorcerers
  7 cyclopes
  A manticore (D:12)
  3 cane toads (Lair:1)
  A gargoyle (D:11)
  2 unseen horrors
  A yaktaur (D:13)
  2 kobold demonologists (D:11)
  An efreet (D:14)
  2 ancient zymes (D:8)
  A freezing wraith (D:14)
  A tengu conjurer (D:14)
  5 trolls
  4 meliai (D:14)
  Prince Ribbit (D:7)
  A wind drake (shapeshifter) (D:13)
  6 slime creatures
  A centaur simulacrum (D:14)
  2 shadows
  3 spriggans (Lair:1)
  2 vampires
  2 wraiths
  9 yaks
  2 wyverns
  3 fire bats (Volcano)
  A basilisk (D:14)
  3 steam dragons
  7 vampire mosquitoes
  A warg (Orc:1)
  An acid dragon (D:10)
  2 hell hounds (Volcano)
  9 water moccasins
  Duvessa (D:6)
  26 orc warriors
  An ice beast (D:7)
  2 black bears
  4 sky beasts
  5 boggarts (D:14)
  2 hornet zombies
  A necrophage (D:6)
  14 ogres
  11 centaurs
  2 phantoms
  6 kobold brigands
  Blork the orc (D:6)
  10 bullfrogs
  2 wyvern zombies (D:7)
  Dowan (D:6)
  4 water moccasin zombies
  3 gnoll sergeants
  5 scorpions
  2 water moccasin skeletons
  3 wights (D:9)
  3 killer bees (D:8)
  5 howler monkeys
  A bullfrog zombie (D:6)
  A hound (D:6)
  2 jellies
  14 orc priests
  7 centaur zombies
  Crazy Yiuf (D:7)
  3 small abominations (D:8)
  3 gnoll shamans
  3 iguanas
  17 orc wizards
  2 hound zombies
  A hound skeleton (D:5)
  2 mummies (Ossuary)
  A howler monkey zombie (D:6)
  20 gnolls
  7 adders
  3 shadow imps
  2 white imps (D:6)
  3 ufetubi (D:5)
  7 adder zombies
  A worm (D:3)
  3 dart slugs
  62 orcs
  11 bats
  10 endoplasms
  A giant cockroach (D:1)
  2 goblins
  6 hobgoblins
  6 jackals (D:1)
  2 quokkas (D:3)
  4 ball pythons
  2 frilled lizards (D:1)
  2 gnoll zombies (Ossuary)
  7 hobgoblin zombies (Ossuary)
  25 kobolds
  9 kobold zombies (Ossuary)
  5 orc zombies (Ossuary)
  A quokka zombie (D:4)
  5 rats
516 creatures vanquished.

Vanquished Creatures (others)
  A deep elf pyromancer (D:14)
  A centaur simulacrum (D:14)
  An orc priest (Orc:2)
  2 orc wizards (Orc:2)
  2 bushes (D:14)
  22 fungi
  24 plants
  2 withered plants (Gauntlet)
55 creatures vanquished.

Grand Total: 571 creatures vanquished

Notes
Turn   | Place    | Note
-------+----------+-------------------------------------------
     0 | D:1      | leviel the Minotaur Fighter began the quest for the Orb.
     0 | D:1      | Reached XP level 1. HP: 19/19 MP: 0/0
   191 | D:1      | Reached XP level 2. HP: 14/27 MP: 1/1
   349 | D:1      | Found a faded altar of an unknown god.
   519 | D:1      | Reached XP level 3. HP: 27/33 MP: 2/2
  1183 | D:2      | Reached skill level 3 in Axes
  1405 | D:2      | Reached XP level 4. HP: 36/41 MP: 3/3
  1855 | D:3      | Noticed a water moccasin
  1865 | D:3      | Gained mutation: You sometimes lose the ability to read
                  | scrolls when taking damage. [potion of mutation]
  1865 | D:3      | Gained mutation: You are weak. (Str -2) [potion of
                  | mutation]
  1865 | D:3      | Gained mutation: You are strong-willed. (Will+) [potion of
                  | mutation]
  1868 | D:3      | Killed a water moccasin
  1869 | D:3      | Reached skill level 4 in Axes
  1869 | D:3      | Reached XP level 5. HP: 12/47 MP: 4/4
  1872 | D:3      | Reached skill level 5 in Fighting
  2319 | D:3      | Reached skill level 5 in Armour
  2853 | D:4      | Reached XP level 6. HP: 56/56 MP: 5/5
  2870 | D:4      | Found a basalt altar of Yredelemnul.
  2929 | D:4      | Found an iron altar of Okawaru.
  2929 | D:4      | Found a glowing golden altar of the Shining One.
  2947 | D:4      | Reached skill level 5 in Axes
  3048 | D:4      | Reached skill level 5 in Shields
  3247 | D:4      | Reached XP level 7. HP: 61/61 MP: 6/6
  3320 | D:4      | Found a broken altar of Ashenzari.
  3320 | D:4      | Found a sparkling altar of Nemelex Xobeh.
  3321 | D:4      | Found a radiant altar of Vehumet.
  3322 | D:4      | Found a burning altar of Makhleb.
  3602 | D:5      | Entered Level 5 of the Dungeon
  3671 | D:5      | Reached skill level 6 in Axes
  3733 | D:5      | Found a sand-covered staircase.
  3737 | Ossuary  | Entered an ossuary
  4155 | Ossuary  | Reached skill level 7 in Axes
  4367 | D:5      | Reached XP level 8. HP: 11/71 MP: 7/7
  4616 | D:5      | Lost mutation: You sometimes lose the ability to read
                  | scrolls when taking damage. [potion of mutation]
  4616 | D:5      | Lost mutation: You are strong-willed. (Will+) [potion of
                  | mutation]
  4616 | D:5      | Gained mutation: Your spells are a little harder to cast,
                  | but a little more powerful. [potion of mutation]
  4616 | D:5      | Gained mutation: You are robust. (+10% HP) [potion of
                  | mutation]
  5078 | D:6      | Reached skill level 8 in Axes
  5137 | D:6      | Noticed Duvessa
  5138 | D:6      | Noticed Dowan
  5147 | D:6      | Killed Duvessa
  5156 | D:6      | Killed Dowan
  5316 | D:6      | Noticed Blork the orc
  5328 | D:6      | Killed Blork the orc
  5362 | D:6      | Reached skill level 9 in Axes
  5363 | D:6      | Reached XP level 9. HP: 79/88 MP: 8/8
  5531 | D:6      | Reached skill level 10 in Axes
  5531 | D:6      | Reached skill level 1 in Dodging
  6042 | D:7      | Noticed Prince Ribbit
  6052 | D:7      | Killed Prince Ribbit
  6132 | D:7      | Reached skill level 11 in Axes
  6270 | D:7      | Reached XP level 10. HP: 83/100 MP: 9/9
  6506 | D:7      | Identified the +1 falchion of Frustration {venom, *Slow
                  | Str+3 Int+6}
  6530 | D:7      | Found a staircase to the Ecumenical Temple.
  6569 | Temple   | Entered the Ecumenical Temple
  7053 | Temple   | Became a worshipper of Fedhas Madash
  7179 | D:7      | Found a runed translucent door.
  7180 | D:7      | Noticed Crazy Yiuf
  7243 | D:7      | Killed Crazy Yiuf
  7585 | D:8      | Reached skill level 12 in Axes
  7829 | D:8      | Found a transporter.
  7854 | D:8      | Found a transporter.
  7907 | D:8      | Reached skill level 10 in Fighting
  8149 | D:8      | Noticed Zeld's ghost (novice OpFi)
  8150 | D:8      | Found a one-way gate to the infinite horrors of the Abyss.
  8168 | D:8      | Killed Zeld's ghost
  8482 | D:9      | Reached * piety under Fedhas
  8558 | D:9      | Found a snail-covered altar of Cheibriados.
  8601 | D:9      | Found a shadowy altar of Dithmenos.
  8645 | D:9      | Reached XP level 11. HP: 94/110 MP: 10/10
  8760 | D:9      | Reached ** piety under Fedhas
  8874 | D:9      | Found a shimmering altar of Xom.
  8874 | D:9      | Found a shimmering altar of Xom.
  8874 | D:9      | Found a shimmering altar of Xom.
  8874 | D:9      | Found a shimmering altar of Xom.
  8875 | D:9      | Found a shimmering altar of Xom.
  8876 | D:9      | Found a shimmering altar of Xom.
  8876 | D:9      | Found a shimmering altar of Xom.
  8897 | D:9      | Found a staircase to the Orcish Mines.
  8941 | D:9      | Reached skill level 13 in Axes
  9114 | D:9      | Identified the +0 leather armour of Disopis {rC+ Str+4
                  | Slay-4}
  9153 | Orc:1    | Entered Level 1 of the Orcish Mines
  9153 | Orc:1    | Noticed Nergalle
  9164 | D:9      | Killed Nergalle
  9379 | Orc:2    | Entered Level 2 of the Orcish Mines
  9379 | Orc:2    | Found a staircase to the Elven Halls.
  9380 | Orc:2    | Noticed an orc knight
  9668 | Orc:1    | Killed an orc knight
  9669 | Orc:1    | Reached skill level 10 in Shields
  9687 | Orc:2    | Reached *** piety under Fedhas
  9780 | Orc:2    | Noticed an orc high priest
  9786 | Orc:2    | Noticed a soul eater
  9796 | Orc:1    | Noticed an orc sorcerer
  9808 | Orc:1    | Killed an orc sorcerer
  9870 | Orc:2    | Killed an orc high priest
  9871 | Orc:2    | Reached skill level 14 in Axes
  9876 | Orc:2    | Reached **** piety under Fedhas
 10074 | Orc:2    | Reached skill level 10 in Armour
 10487 | Orc:2    | Noticed an orc sorcerer
 10488 | Orc:2    | Noticed an orc high priest
 10489 | Orc:2    | Noticed an orc knight
 10489 | Orc:2    | Noticed an orc knight
 10489 | Orc:2    | Noticed an orc sorcerer
 10490 | Orc:2    | Noticed an orc sorcerer
 10491 | Orc:2    | Noticed an orc high priest
 10492 | Orc:2    | Noticed an orc high priest
 10493 | Orc:2    | Noticed an orc knight
 10496 | Orc:2    | Paralysed by an orc sorcerer for 6 turns
 10504 | Orc:2    | Noticed a sixfirhy
 10727 | Orc:1    | Killed an orc sorcerer
 10747 | Orc:2    | Killed an orc knight
 10790 | Orc:2    | Noticed a sixfirhy
 10955 | Orc:2    | Noticed a sixfirhy
 10962 | Orc:1    | Killed an orc knight
 10963 | Orc:1    | Reached skill level 1 in Throwing
 10990 | Orc:2    | Noticed a soul eater
 10991 | Orc:2    | Noticed a sun demon
 10991 | Orc:2    | Noticed a sixfirhy
 11045 | Orc:2    | Noticed a sun demon
 11060 | Orc:1    | Killed an orc high priest
 11061 | Orc:1    | Reached XP level 12. HP: 113/121 MP: 11/11
 11082 | Orc:1    | Killed an orc high priest
 11233 | Orc:2    | Killed an orc high priest
 11271 | Orc:2    | Reached skill level 15 in Axes
 11321 | Orc:2    | Found Donottas's Book Shoppe.
 11321 | Orc:2    | Found Gehoprai's Antique Weapon Shop.
 11323 | Orc:2    | Found Cuamecy's Magic Scroll Shoppe.
 11323 | Orc:2    | Found Qumeyliy's General Store.
 11332 | Orc:2    | Bought a scroll of magic mapping for 56 gold pieces
 11332 | Orc:2    | Bought a scroll of enchant weapon for 120 gold pieces
 11334 | Orc:2    | Bought a potion of haste for 130 gold pieces
 11334 | Orc:2    | Bought a wand of mindburst (8) for 156 gold pieces
 11432 | Orc:1    | Reached ***** piety under Fedhas
 11659 | D:10     | Entered Level 10 of the Dungeon
 11723 | D:10     | Noticed a two-headed ogre
 11733 | D:10     | Killed a two-headed ogre
 11778 | D:10     | Found a hide-covered altar of Uskayaw.
 11824 | D:10     | Noticed a centaur warrior
 11833 | D:10     | Killed a centaur warrior
 11902 | D:10     | Noticed a boulder beetle
 11932 | D:10     | Killed a boulder beetle
 12224 | D:10     | Found a stormy altar of Qazlal.
 12591 | D:10     | Found a shimmering blue altar of Sif Muna.
 12781 | D:11     | Found a staircase to the Lair.
 12922 | D:11     | Reached skill level 16 in Axes
 13388 | D:12     | Noticed a boulder beetle
 13417 | D:12     | Killed a boulder beetle
 13528 | D:12     | Reached XP level 13. HP: 68/130 MP: 12/12
 13852 | D:12     | Found a burning altar of Makhleb.
 14203 | D:13     | Found a gate to the Vaults.
 14757 | D:14     | Found Yjeijua's Assorted Antiques.
 14879 | D:14     | Reached ****** piety under Fedhas
 14992 | D:14     | Found Pumipnal's Book Shop.
 15003 | D:14     | Noticed Nessos
 15033 | D:14     | Killed Nessos
 15164 | D:14     | Reached skill level 1 in Invocations
 15472 | D:14     | HP: 4/136 [cyclops/large rock (26)]
 15797 | D:14     | Reached XP level 14. HP: 143/146 MP: 15/15
 16485 | D:15     | Entered Level 15 of the Dungeon
 17236 | Lair:1   | Entered Level 1 of the Lair of Beasts
 17299 | Lair:1   | Found a gate leading to a gauntlet.
 17335 | Gauntlet | Entered a Gauntlet
 17335 | Gauntlet | Found a transporter.
 17335 | Gauntlet | Found a transporter.
 17338 | Gauntlet | Found a transporter.
 17342 | Gauntlet | Found a transporter.
 17342 | Gauntlet | Found a transporter.
 17342 | Gauntlet | Found a transporter.
 17362 | Gauntlet | Found a runed translucent door.
 17371 | Gauntlet | Found a runed translucent door.
 17373 | Gauntlet | Found a runed translucent door.
 17375 | Gauntlet | Found a transporter.
 17379 | Gauntlet | Found a transporter.
 17390 | Gauntlet | Found a transporter.
 17409 | Gauntlet | Found a transporter.
 17426 | Gauntlet | Found a transporter.
 17431 | Gauntlet | Found a transporter.
 17516 | Lair:1   | Found a dark tunnel.
 17526 | Volcano  | Entered a volcano
 17834 | Lair:1   | HP: 7/146 [11-headed hydra (4)]
 17834 | Lair:1   | HP: 2/146 [11-headed hydra (5)]
 17834 | Lair:1   | Slain by an 11-headed hydra

Illustrated notes

Levels and vault maps discovered:
D:1:      shiori_arrival_oz, layout_rooms, ebering_ecumenical_altar_abandoned
D:2:      layout_loops_ring
D:3:      layout_basic, serial_co_window_serial, co_window_paths_b,
          co_window_of_opportunity_a, co_window_corner_a, co_window_paths_b,
          co_window_of_opportunity_a, co_window_corner_a, co_window_paths_b,
          co_window_broadway_a, co_window_broadway_c, co_window_2corner,
          co_window_sun
D:4:      layout_basic, nicolae_yredelemnul_corpse_copse,
          grunt_temple_overflow_open, roderic_st_hans_cross,
          kennysheep_cross_room
D:5:      layout_rooms, serial_corexii_hall, chequers_hall_statues_corner_a,
          chequers_hall_statues_y, corexii_hall_statues_t,
          chequers_hall_statues_corner_a, enter_ossuary_5, minivault_19
D:6:      layout_loops_corners, uniq_blork_the_orc, uniq_duvessa
D:7:      layout_cave_pools, temple_pool_b, st_stairs_6, nzn_random_ring,
          uniq_prince_ribbit1, uniq_crazy_yiuf_cottage
D:8:      layout_basic, gammafunk_ghost_abyssal_escape
D:9:      layout_cave_pools, grunt_dithmenos_smoke_and_mirrors, xom_redecorated,
          old_standard_altar, kennysheep_orc_monster_closet_entryway
D:10:     layout_long_grid, nicolae_uskayaw_en_pointe, general_overflow_altar,
          lemuel_blue_sif_altar
D:11:     layout_basic, due_lair_maze_entry_diamond, grunt_decor_clamped
D:12:     layout_cave_pools, palyth_stone_intersect, bloody_makhleb
D:13:     layout_small_grid, david_vaults_5
D:14:     layout_stronghold, serial_shops, shop_fountains,
          nicolae_shop_behind_doors, minmay_hedge_maze, kennysheep_kite_vault,
          uniq_nessos
D:15:     hangedman_depths_entry_civil_slaughter, layout_cross
Temple:   jpeg_temple_island
Lair:1:   layout_gridlike, nicolae_volcano_entry_batcave,
          gauntlet_entry_generic, wad_woods_01
Orc:1:    layout_diamond_mine, uniq_nergalle
Orc:2:    grunt_orc_tribal_feast, layout_diamond_mine

Skill      XL: |  1  2  3  4  5  6  7  8  9 10 11 12 13 14 |
---------------+-------------------------------------------+-----
Fighting       | 4 5 6 7 9 10 11 12 14 | 14.8
Armour         | 4 5 6 7 9 10 11 13 | 13.9
Shields        | 4 5 7 8 9 10 11 13 14 | 14.1
Axes           | 3 4 5 7 9 11 12 14 16 | 16.0
Dodging        | 1 |  1.5
Throwing       | 1 |  1.1
Invocations    | 2 4 |  4.7
Stealth        | |  0.7

Action                   |  1- 3 |  4- 6 |  7- 9 | 10-12 | 13-15 || total
-------------------------+-------+-------+-------+-------+-------++-------
Melee: War axe           |    71 |   119 |   341 |   757 |   392 ||  1680
       Headbutt          |    13 |    23 |    61 |   172 |   109 ||   378
Throw: Throwing net      |       |       |     2 |       |       ||     2
       Boomerang         |       |       |       |     3 |       ||     3
Invok: Wall of Briars    |       |       |       |     1 |       ||     1
  Use: Potion            |       |     4 |     1 |       |     3 ||     8
       Scroll            |       |       |    11 |    11 |     6 ||    28
 Stab: Invisible         |       |     1 |       |       |       ||     1
       Held in net/web   |       |       |     1 |       |       ||     1
Armor: Scale mail        |    30 |       |       |       |       ||    30
       Plate armour      |    14 |    86 |   236 |   315 |   323 ||   974
       Fire dragon scale |       |       |       |       |    81 ||    81
Dodge: Dodged            |    24 |    30 |    57 |   147 |   131 ||   389
Block: Kite shield       |    46 |    75 |   207 |   408 |   359 ||  1095

Table legend: (Time is in decaauts)
 A = Elapsed time spent in this place.
 B = Non-inter-level travel time spent in this place.
 C = Inter-level travel time spent in this place.
 D = Time resting spent in this place.
 E = Time spent auto-exploring this place.
 F = Levels seen in this place.
 G = Mean time per level.
                   A        B        C        D        E       F      G
               +--------+--------+--------+--------+--------+-----+--------+
         Total |  17923 |  17100 |    823 |   3003 |  10518 |  22 |  814.7 |
       Dungeon |  13869 |  13196 |    673 |   1735 |   8936 |  15 |  924.6 |
        Temple |    508 |    460 |     48 |      0 |    443 |   1 |  508.0 |
          Lair |    137 |    137 |      0 |      6 |     16 |   1 |  137.0 |
  Orcish Mines |   2437 |   2335 |    102 |   1002 |    778 |   2 | 1218.5 |
       Ossuary |    528 |    528 |      0 |    237 |    158 |   1 |  528.0 |
       Volcano |    286 |    286 |      0 |     23 |    147 |   1 |  286.0 |
      Gauntlet |    155 |    155 |      0 |      0 |     40 |   1 |  155.0 |
               +--------+--------+--------+--------+--------+-----+--------+

Top non-repeatable levels by time:
    D:14: 2153 daAuts
   Orc:1: 1365 daAuts
     D:3: 1324 daAuts
     D:8: 1147 daAuts
   Orc:2: 1071 daAuts
     D:6: 1004 daAuts
    D:10: 979 daAuts
     D:5: 949 daAuts
    D:13: 879 daAuts
     D:9: 838 daAuts
    D:11: 836 daAuts
     D:4: 817 daAuts
     D:7: 800 daAuts
     D:2: 791 daAuts
     D:1: 772 daAuts
